 Dungeon Sprint DCSS version 0.20-a0-1122-gb7cbeb9 (webtiles) character file.

22 tinyrick the Shield-Bearer (level 3, -2/31 HPs)
             Began as a Formicid Fighter on May 13, 2017.
             Slain by a yak (11 damage)
             ... in the Dungeon (Sprint I: "Red Sonja").
             The game lasted 00:00:21 (95 turns).

tinyrick the Shield-Bearer (Formicid Fighter)         Turns: 95, Time: 00:00:22

Health: -2/31      AC:  7    Str: 21    XL:     3   Next: 7%
Magic:  3/3        EV:  8    Int:  7    God:
Gold:   54         SH: 10    Dex: 10    Spells: 2/2 levels left

rFire    . . .     SeeInvis +   a - +0 flail
rCold    . . .     Gourm    .   c - +0 shield
rNeg     . . .     Faith    .   b - +0 scale mail
rPois    .         Spirit   .   (helmet unavailable)
rElec    .         Reflect  .   (no cloak)
rCorr    .         Harm     .   (no gloves)
MR       .....                  (no boots)
Stlth    ..........             (no amulet)
Regen    0.1/turn               (no ring)
MPRegen  0.1/turn               (no ring)

@: no status effects
A: permanent stasis, dig shafts and tunnels, four strong arms, antennae 3
a: Dig


You were in the Dungeon.
You were not hungry.

You visited 1 branch You collected 54 gold pieces.

Inventory:

Hand Weapons
 a - a +0 flail (weapon)
Armour
 b - a +0 scale mail (worn)
 c - a +0 shield (worn)
Scrolls
 k - a scroll of blinking
Potions
 d - a potion of might
 e - a potion of curing
 g - a potion of heal wounds
 h - a potion of haste
 i - 2 potions of magic
 j - a potion of berserk rage
Comestibles
 f - a bread ration


   Skills:
 + Level 4.6 Fighting
 - Level 2.0 Maces & Flails
 + Level 4.4 Armour
 + Level 0.6 Dodging
 + Level 5.5 Shields


You had 2 spell levels left.
You didn't know any spells.

Dungeon Overview and Level Annotations

Branches:
Dungeon (1/1)

Altars:
Cheibriados
Dithmenos
Elyvilon
Fedhas
Gozag
Hepliaklqana
Kikubaaqudgha
Nemelex Xobeh
Okawaru
Qazlal
Ru
Trog
Uskayaw
Yredelemnul
Zin
The Shining One

Shops:
D !


Innate Abilities, Weirdness & Mutations

You cannot be hasted, slowed, berserked, paralysed or teleported.
You can dig through walls and to a lower floor.
Your four strong arms can wield two-handed weapons with a shield.
You have a pair of large antennae on your head. (SInv)


Message History

You hit the yak.
The yak is severely wounded.
You block the yak's attack.
You hit the yak.
The yak is almost dead.
You block the yak's attack.
You barely miss the yak.
The yak is almost dead.
The yak gores you but does no damage. The yak gores you!
* * * LOW HITPOINT WARNING * * *
You hit the yak but do no damage.
The yak is almost dead.
You block the yak's attack.
You barely miss the yak.
The yak is almost dead.
The yak barely misses you.
You hit the yak.
The yak is almost dead.
The yak gores you!
You die...

#######
#<.#..+
#..').# {
#..####
#..####
#..#__####
#..#_____##
#⌠⌠#_.∩...+
##.._@Y__#
#..#_____#
##########
{ { { {


You could see a yak.

Vanquished Creatures
  Ijyb (D)
1 creature vanquished.

Notes
Turn   | Place    | Note
-------+----------+-------------------------------------------
     0 | D        | tinyrick the Formicid Fighter began the quest for the Orb.
     0 | D        | Reached XP level 1. HP: 18/18 MP: 1/1
     2 | D        | Noticed Ijyb
    14 | D        | Killed Ijyb
    14 | D        | Reached skill level 5 in Shields
    14 | D        | Reached XP level 2. HP: 21/26 MP: 2/2
    14 | D        | Reached XP level 3. HP: 25/31 MP: 3/3
    77 | D        | Found a basalt altar of Yredelemnul.
    77 | D        | Found a hide-covered altar of Uskayaw.
    77 | D        | Found a hazy altar of Hepliaklqana.
    77 | D        | Found a shadowy altar of Dithmenos.
    77 | D        | Found an ancient bone altar of Kikubaaqudgha.
    77 | D        | Found a sacrificial altar of Ru.
    77 | D        | Found a snail-covered altar of Cheibriados.
    77 | D        | Found Gitorof's Distillery.
    77 | D        | Found an opulent altar of Gozag.
    77 | D        | Found a sparkling altar of Nemelex Xobeh.
    77 | D        | Found a glowing golden altar of the Shining One.
    77 | D        | Found an iron altar of Okawaru.
    77 | D        | Found a bloodstained altar of Trog.
    77 | D        | Found a blossoming altar of Fedhas.
    77 | D        | Found a stormy altar of Qazlal.
    77 | D        | Found a white marble altar of Elyvilon.
    77 | D        | Found a glowing silver altar of Zin.
    77 | D        | Noticed a yak
    95 | D        | Slain by a yak

Vault maps used:
D:        dungeon_sprint_1

Skill      XL: |  1 |
---------------+----+-----
Fighting       | 4 |  4.6
Armour         | 4 |  4.4
Shields        | 5 |  5.5
Maces & Flails | |  2.0
Dodging        | |  0.6

Action                   || total
-------------------------++-------
Melee: Flail             ||    27
 Abil: Dig               ||     2
Armor: Scale mail        ||     9
Dodge: Dodged            ||     5
Block: Shield            ||    12
